 Dungeon Crawl Stone Soup version 0.28-a0-691-gad6df49e81 (webtiles) character file.

Game seed: 6694617889776797576

4410 ytrimaz the Cleaver (level 10, 0/80 HPs)
             Began as a Formicid Fighter on Oct 22, 2021.
             Was an Initiate of Okawaru.
             Succumbed to a killer bee's poison
             ... on level 8 of the Dungeon.
             The game lasted 00:18:29 (12220 turns).

ytrimaz the Cleaver (Formicid Fighter)             Turns: 12220, Time: 00:18:29

Health: 0/80       AC:  9    Str: 23    XL:     10   Next: 62%
Magic:  10/10      EV: 10    Int:  9    God:    Okawaru [......]
Gold:   343        SH:  5    Dex: 16    Spells: 9/9 levels left

rFire   + . .      SeeInvis +   a - +0 war axe
rCold   + . .      Faith    .   c - +0 buckler
rNeg    . . .      Spirit   .   b - +0 scale mail
rPois   +          Reflect  .   (helmet unavailable)
rElec   +          Harm     .   (no cloak)
rCorr   +          Rampage  .   i - +0 pair of gloves
Will    +....                   (no boots)
Stlth   ..........              (no amulet)
HPRegen 0.23/turn               o - +6 ring of dexterity
MPRegen 0.12/turn               (no ring)

@: mighty, lethally poisoned (0 -> -1), resistant, very slow
A: permanent stasis, dig shafts and tunnels, antennae 3, four strong arms
a: Dig, Shaft Self, Renounce Religion


You were on level 8 of the Dungeon.
You worshipped Okawaru.
Okawaru was noncommittal.
You visited 2 branches of the dungeon, and saw 10 of its levels.

You collected 343 gold pieces.

Inventory:

Hand Weapons
 a - a +0 war axe (weapon)
Armour
 b - a +0 scale mail (worn)
 c - a +0 buckler (worn)
 i - a +0 pair of gloves (worn)
Jewellery
 o - a +6 ring of dexterity (left hand)
 s - an amulet of magic regeneration
Wands
 d - a wand of digging (1)
 j - a wand of iceblast (3)
 p - a wand of flame (23)
 u - a wand of paralysis (7)
Scrolls
 k - 2 scrolls of identify
 l - 3 scrolls of amnesia
 q - a scroll of fog
Potions
 f - 2 potions of brilliance
 g - a potion of attraction
 n - a potion of haste


   Skills:
 + Level 8.0 Fighting
 + Level 10.8 Axes
 + Level 9.3 Armour
 - Level 3.6 Shields
 + Level 1.3 Invocations


You had 9 spell levels left.
You didn't know any spells.
Your spell library contained the following spells:

 Spells                   Type           Power      Damage    Failure   Level
 Beastly Appendage        Tmut           0%         N/A       65%         1
 Static Discharge         Conj/Air       0%         N/A       80%         2
 Wereblood                Tmut           0%         N/A       80%         2
 Gell's Gravitas          Tloc           0%         N/A       95%         3
 Spider Form              Tmut/Pois      0%         N/A       95%         3
 Teleport Other           Tloc           0%         N/A       95%         3
 Lightning Bolt           Conj/Air       0%         1d11      100%        5
 Dispersal                Tloc           0%         N/A       100%        6
 Maxwell's Capacitive Co  Air            0%         ∞         100%        8


Dungeon Overview and Level Annotations

Branches:
Dungeon (9/15)             Temple (1/1) D:5
   Lair: D:8-11         Orc: D:9-12

Altars:
Ashenzari
Cheibriados
Dithmenos
Elyvilon
Fedhas
Gozag
Hepliaklqana
Kikubaaqudgha
Makhleb
Nemelex Xobeh
Okawaru
Qazlal
Ru
Sif Muna
Trog
Uskayaw
Vehumet
Wu Jian
Xom
Yredelemnul
The Shining One

Shops:
D:3 =   D:6 (


Innate Abilities, Weirdness & Mutations

You cannot be hasted, slowed, berserked, paralysed or teleported.
You can dig through walls and to a lower floor.
You have a pair of large antennae on your head. (SInv)
Your four strong arms can wield two-handed weapons with a shield.


Message History

* * * LOW HITPOINT WARNING * * *
Your Fighting skill increases to level 8!
You closely miss the killer bee.
The killer bee is almost dead.
* * * LOW HITPOINT WARNING * * *
You feel very sick.
The killer bee stings you but does no damage.
The killer bee stings you.
* * * LOW HITPOINT WARNING * * *
You feel much better.
You feel very sick. You block the killer bee's attack.
The killer bee stings you!
* * * LOW HITPOINT WARNING * * *
You barely miss the killer bee.
The killer bee is almost dead.
You feel sick. The killer bee stings you!
* * * LOW HITPOINT WARNING * * *
Unknown command.
You slash the killer bee!
You kill the killer bee!
Okawaru accepts your kill.
* * * LOW HITPOINT WARNING * * *
You feel sick.
You feel protected.
* * * LOW HITPOINT WARNING * * *
You feel sick.
As you read the scroll labelled WOMPUAT FUSA, it crumbles to dust.
Wisps of shadow whirl around you...
The shadows disperse without effect.
It was a scroll of summoning.
* * * LOW HITPOINT WARNING * * *
You feel sick.
Okay, then.
Okay, then.
Okay, then.
* * * LOW HITPOINT WARNING * * *
You feel sick.
You see here a killer bee corpse.
* * * LOW HITPOINT WARNING * * *
You feel sick.
You die...

.###.##....##..## ##......♣.....
####.#####..#...######...........
..#......#......##...##.........#
....#...........##...###?......##
.#.###..............## ###'''###
#### ##.............## #...# ##
##..............######..# .#
#.......................#
.#####.........>@......≈.....#
...#<..........††..≈≈..≈._...#
...................≈≈..≈.....#
...................≈≈..≈§≈≈.(#
...).......#....#..≈≈...!...(#
..........##....#..≈≈.......##
...###.............≈≈≈≈≈≈≈..#
...#o#.............≈≈≈≈≈≈≈..#
.#######.#..................#


There were no monsters in sight!

Vanquished Creatures
  A deep elf pyromancer (D:8)
  Pikel (D:5)
  Psyche (D:8)
  Grinder (D:3)
  Sigmund (D:3)
  A steam dragon (D:7)
  Edmund (D:4)
  A water moccasin (D:7)
  2 sky beasts
  An orc warrior (D:8)
  A necrophage (D:5)
  2 ogres
  4 centaurs
  3 lemures
  A phantom (D:6)
  4 bullfrogs
  A gnoll sergeant (D:8)
  2 water moccasin zombies (D:5)
  A scorpion (D:6)
  2 wyvern skeletons (D:7)
  3 killer bees (D:8)
  2 howler monkeys
  3 orc priests
  A hound (D:7)
  A bullfrog skeleton (D:6)
  2 jellies
  Jessica (D:2)
  Terence (D:3)
  Natasha (thrice) (D:2)
  3 iguanas
  3 orc wizards
  Ijyb (D:5)
  A killer bee zombie (D:8)
  A hound skeleton (D:4)
  8 gnolls (D:7)
  12 adders
  A shadow imp (D:8)
  2 ufetubi (D:7)
  4 dart slugs
  17 orcs
  10 ball pythons
  5 endoplasms
  2 giant cockroaches
  5 hobgoblins
  7 jackals (D:1)
  6 kobolds
  4 quokkas
  5 bats
  2 frilled lizards
  9 goblins
  23 rats
  A spectral orc (D:6)
181 creatures vanquished.

Vanquished Creatures (others)
  A bush (D:6)
1 creature vanquished.

Grand Total: 182 creatures vanquished

Notes
Turn   | Place    | Note
-------+----------+-------------------------------------------
     0 | D:1      | ytrimaz the Formicid Fighter began the quest for the Orb.
     0 | D:1      | Reached XP level 1. HP: 18/18 MP: 1/1
   241 | D:1      | Reached XP level 2. HP: 24/24 MP: 2/2
   460 | D:1      | Reached XP level 3. HP: 30/30 MP: 3/3
  1346 | D:2      | Noticed Natasha
  1354 | D:2      | Killed Natasha
  1355 | D:2      | Reached skill level 3 in Axes
  1355 | D:2      | Reached XP level 4. HP: 27/37 MP: 4/4
  1443 | D:2      | Noticed Jessica
  1454 | D:2      | Killed Jessica
  1455 | D:2      | Reached XP level 5. HP: 19/42 MP: 5/5
  1528 | D:2      | Noticed Natasha
  1537 | D:2      | Killed Natasha
  1877 | D:2      | Noticed Natasha
  1888 | D:2      | Killed Natasha
  1889 | D:2      | Reached skill level 4 in Axes
  2303 | D:2      | Reached XP level 6. HP: 48/48 MP: 6/6
  2510 | D:3      | Found Zolosoge's Jewellery Boutique.
  2586 | D:3      | Noticed Terence
  2590 | D:3      | Noticed Sigmund
  2595 | D:3      | Killed Terence
  3022 | D:3      | Killed Sigmund
  3023 | D:3      | Reached skill level 5 in Axes
  3023 | D:3      | Reached skill level 5 in Armour
  3023 | D:3      | Reached XP level 7. HP: 43/55 MP: 7/7
  3205 | D:3      | Found a blossoming altar of Fedhas.
  3265 | D:3      | Noticed Grinder
  3271 | D:3      | You fall into a shaft and drop 3 floors!
  3698 | D:5      | Entered Level 5 of the Dungeon
  3704 | D:5      | Found a staircase to the Ecumenical Temple.
  3724 | Temple   | Entered the Ecumenical Temple
  3956 | D:5      | Reached skill level 6 in Axes
  4059 | D:5      | Reached skill level 5 in Fighting
  4085 | D:5      | Noticed Edmund
  4183 | D:4      | Reached XP level 8. HP: 21/62 MP: 8/8
  4491 | D:5      | Found a shadowy altar of Dithmenos.
  4691 | D:5      | Reached skill level 7 in Axes
  4761 | D:5      | Noticed Pikel
  5079 | D:3      | Killed Grinder
  5608 | D:4      | HP: 3/64 [Edmund (8)]
  5774 | D:4      | You fall into a shaft and drop 1 floor!
  6121 | D:5      | Noticed Ijyb
  6139 | D:5      | Killed Ijyb
  6715 | D:6      | Found Wompus's Weapon Boutique.
  6745 | D:6      | Reached skill level 8 in Axes
  6745 | D:6      | Reached XP level 9. HP: 43/69 MP: 9/9
  7307 | D:6      | Found a basalt altar of Yredelemnul.
  8307 | D:7      | Found a glowing golden altar of the Shining One.
  8342 | D:7      | Identified the +4 ring mail of Whack-A-Mole {Harm rPois
                  | Str-5}
  8382 | D:7      | Reached skill level 9 in Axes
  9072 | D:8      | Noticed Psyche
  9088 | D:8      | Killed Psyche
  9319 | D:8      | Reached XP level 10. HP: 79/79 MP: 10/10
  9324 | D:8      | Found a snail-covered altar of Cheibriados.
  9597 | D:8      | Became a worshipper of Cheibriados the Contemplative
  9676 | D:8      | Noticed a deep elf pyromancer
  9686 | D:8      | Killed a deep elf pyromancer
  9687 | D:8      | Reached skill level 10 in Axes
 10828 | D:5      | Killed Pikel
 10829 | D:5      | Reached skill level 1 in Invocations
 11432 | D:4      | Killed Edmund
 11751 | D:8      | Found a hide-covered altar of Uskayaw.
 12032 | D:8      | Found an iron altar of Okawaru.
 12061 | D:8      | Fell from the grace of Cheibriados
 12061 | D:8      | Became a worshipper of Warmaster Okawaru
 12216 | D:8      | HP: 4/80 [poisoned by a killer bee]
 12219 | D:8      | HP: 1/80 [poisoned by a killer bee]
 12220 | D:8      | Succumbed to a killer bee's poison

Illustrated notes

Levels and vault maps discovered:
D:1:      matt_arrival_grand_opening, layout_basic,
          minmay_misc_feat_four_crosses, minmay_pentomino_x2
D:2:      layout_rooms, minmay_rat_hole, uniq_natasha, uniq_jessica
D:3:      layout_rooms, fedhas_altar_2, serial_shops, nicolae_shop_crystal,
          uniq_sigmund, uniq_grinder, uniq_terence
D:4:      layout_gridville
D:5:      layout_basic, general_overflow_altar, minmay_temple_entry_waves,
          serial_shops, nicolae_shop_stone, uniq_edmund, uniq_ijyb, uniq_pikel
D:6:      layout_loops_cross, yredelemnul_forgotten_temple_becter, serial_shops,
          nicolae_diamond_shop, kb_lookout_dungeons_type
D:7:      layout_loops_ring, lemuel_doored_altar, minmay_crossroads
D:8:      layout_cave_pools, nicolae_uskayaw_murder_on_the_dancefloor,
          mainiacjoe_overflow_chevrons, cheibriados_altar_2, kennysheep_donut,
          minmay_misc_feat_doors, uniq_psyche
D:9:      layout_roguey, due_lair_maze_entry_diamond, nicolae_shop_firing_range
Temple:   eino_narrow_crystal_temple

Skill      XL: |  1  2  3  4  5  6  7  8  9 10 |
---------------+-------------------------------+-----
Fighting       | 4 5 6 7 8 |  8.0
Axes           | 3 4 5 6 8 9 10 | 10.8
Armour         | 4 5 6 8 9 |  9.3
Invocations    | 1 |  1.3
Shields        | |  3.6

Action                   |  1- 3 |  4- 6 |  7- 9 | 10-12 || total
-------------------------+-------+-------+-------+-------++-------
Melee: War axe           |   109 |   110 |   338 |   127 ||   684
Invok: Bend Time         |       |       |       |     5 ||     5
 Abil: Dig               |       |     3 |     2 |       ||     5
       Shaft Self        |       |       |     2 |       ||     2
Evoke: Wand              |       |       |     2 |       ||     2
  Use: Scroll            |     3 |     2 |     7 |     3 ||    15
       Potion            |     1 |       |     9 |     6 ||    16
Armor: Scale mail        |    64 |    77 |   158 |    47 ||   346
Dodge: Dodged            |    73 |    61 |   175 |    64 ||   373
Block: Buckler           |    25 |    25 |    95 |    38 ||   183

Table legend: (Time is in decaauts)
 A = Elapsed time spent in this place.
 B = Non-inter-level travel time spent in this place.
 C = Inter-level travel time spent in this place.
 D = Time resting spent in this place.
 E = Time spent auto-exploring this place.
 F = Levels seen in this place.
 G = Mean time per level.
                   A        B        C        D        E       F      G
               +--------+--------+--------+--------+--------+-----+--------+
         Total |  12672 |  12352 |    320 |   4329 |   5610 |  10 | 1267.2 |
       Dungeon |  12464 |  12158 |    306 |   4329 |   5461 |   9 | 1384.9 |
        Temple |    208 |    194 |     14 |      0 |    149 |   1 |  208.0 |
               +--------+--------+--------+--------+--------+-----+--------+

Top non-repeatable levels by time:
     D:5: 2090 daAuts
     D:8: 1972 daAuts
     D:7: 1701 daAuts
     D:6: 1681 daAuts
     D:1: 1642 daAuts
     D:4: 1422 daAuts
     D:3: 1018 daAuts
     D:2: 929 daAuts
  Temple: 208 daAuts
     D:9: 6 daAuts
